 Dungeon Crawl Stone Soup version 0.29.1-1-gd02db6906a (webtiles) character file.

Game seed: 214157467095823985

60 safid the Shooter (level 3, -4/31 HPs)
             Began as a Minotaur Hunter on Oct 15, 2022.
             Slain by an ogre
             ... wielding a +0 giant club
              (10 damage)
             ... on level 2 of the Dungeon.
             The game lasted 00:01:46 (1158 turns).

safid the Shooter (Minotaur Hunter)                 Turns: 1158, Time: 00:01:46

Health: -4/31      AC:  7    Str: 15    XL:     3   Next: 80%
Magic:  2/2        EV: 12    Int:  6    God:
Gold:   82         SH:  0    Dex: 15    Spells: 2/2 levels left

rFire   . . .      SeeInvis .   a - +0 shortbow
rCold   . . .      Faith    .   (shield currently unavailable)
rNeg    . . .      Spirit   .   c - +0 leather armour
rPois   .          Reflect  .   (helmet restricted)
rElec   .          Harm     .   (no cloak)
rCorr   .          Rampage  .   (no gloves)
Will    .....                   (no boots)
Stlth   +.........              g - amulet of the acrobat
HPRegen 0.10/turn               j - +4 ring of protection
MPRegen 0.08/turn               (no ring)

@: no status effects
A: horns 2, retaliatory headbutt
a: no special abilities


You were on level 2 of the Dungeon.
You visited 1 branch of the dungeon, and saw 2 of its levels.

You collected 82 gold pieces.

Inventory:

Hand Weapons
 a - a +0 shortbow (weapon)
Armour
 c - a +0 leather armour (worn)
Jewellery
 g - an amulet of the acrobat (around neck)
 j - a +4 ring of protection (left hand)
Scrolls
 b - 2 scrolls of immolation
 e - a scroll of identify {unknown}
 f - a scroll of amnesia {unknown}
 i - a scroll of fog {unknown}
 m - a scroll of blinking {unknown}
 n - a scroll of noise {unknown}
 o - a scroll of poison {unknown}
Potions
 d - 2 potions of heal wounds {unknown}
 h - a potion of mutation {unknown}
 k - a potion of ambrosia {unknown}
 l - a potion of might {unknown}


   Skills:
 - Level 3.0 Fighting
 + Level 5.8 Ranged Weapons
 - Level 2.1 Dodging
 - Level 0.7 Stealth


You had 2 spell levels left.
You didn't know any spells.
Your spell library contained the following spells:

 Spells                   Type           Power      Damage    Failure   Level
 Magic Dart               Conj           0%         1d3       52%         1
 Searing Ray              Conj           0%         2d4       67%         2
 Fulminant Prism          Conj/Hex       0%         3d6       99%         4


Dungeon Overview and Level Annotations

Branches:
Dungeon (2/15)

Altars:


Innate Abilities, Weirdness & Mutations

You have a pair of horns on your head.
You reflexively headbutt those who attack you in melee.


Message History

The hobgoblin misses you. You furiously retaliate!
You headbutt the hobgoblin.
The hobgoblin hits you but does no damage.
You shoot an arrow. The arrow barely misses the hobgoblin.
The arrow hits the ogre.
The ogre is moderately wounded.
The hobgoblin misses you.
You shoot an arrow. The arrow hits the hobgoblin.
You kill the hobgoblin!
The ogre hits you with a +0 giant club!
You shoot an arrow. The arrow hits the ogre!
The ogre is heavily wounded.
The ogre hits you with a +0 giant club!!
Ouch! That really hurt!
* * * LOW HITPOINT WARNING * * *
You are too injured to fight recklessly!
Unknown command.
Fire: a) +0 shortbow
Press: ? - help, Q - select action Shift-Dir - straight line, f/p - ogre
Aim: an ogre, wielding a +0 giant club (heavily wounded, 76% to hit)
You shoot an arrow. The arrow barely misses the ogre.
Unknown command.
Fire: a) +0 shortbow
Press: ? - help, Q - select action Shift-Dir - straight line, f/p - ogre
Aim: an ogre, wielding a +0 giant club (heavily wounded, 76% to hit)
You shoot an arrow. The arrow barely misses the ogre.
The ogre completely misses you.
Unknown command.
Fire: a) +0 shortbow
Press: ? - help, Q - select action Shift-Dir - straight line, f/p - ogre
Aim: an ogre, wielding a +0 giant club (heavily wounded, 76% to hit)
You shoot an arrow. The arrow barely misses the ogre.
The ogre closely misses you. You furiously retaliate!
You headbutt the ogre!
Unknown command.
Fire: a) +0 shortbow
Press: ? - help, Q - select action Shift-Dir - straight line, f/p - ogre
Aim: an ogre, wielding a +0 giant club (severely wounded, 76% to hit)
You shoot an arrow. The arrow hits the ogre.
The ogre is almost dead.
The ogre hits you with a +0 giant club!
You die...

### ##†## #.
#....# ##.#.##
#.##....#
##.#.#.##
#.......+
##.#.#@#.#
#......#
##.#.##†O#.#
##...###
##.#.##=.#.##
##.....##
##.#.##.[#.##
##........
##.#.##.#!.##
##.#.......
##.#.##.#.$##
##.#.#.....#
#.#.##.#.?#
##.#.##.....#
##.#.##.#.
##.#.###.....#
##.#.##
##.#.##
#......


You could see an ogre.

Vanquished Creatures
  An adder (D:2)
  2 worms (D:2)
  4 dart slugs (D:1)
  2 ball pythons (D:1)
  4 bats (D:1)
  6 endoplasms
  2 giant cockroaches (D:1)
  3 goblins (D:1)
  2 hobgoblins
  2 quokkas (D:1)
  4 frilled lizards
  2 kobolds (D:1)
  2 rats (D:1)
36 creatures vanquished.

Notes
Turn   | Place    | Note
-------+----------+-------------------------------------------
     0 | D:1      | safid the Minotaur Hunter began the quest for the Orb.
     0 | D:1      | Reached XP level 1. HP: 18/18 MP: 0/0
   152 | D:1      | Reached XP level 2. HP: 25/25 MP: 1/1
   257 | D:1      | Reached skill level 5 in Ranged Weapons
   559 | D:1      | Reached XP level 3. HP: 31/31 MP: 2/2
  1147 | D:2      | Noticed an ogre
  1158 | D:2      | Slain by an ogre

Illustrated notes

Levels and vault maps discovered:
D:1:      evilmike_arrival_rings, layout_loops_ring, minmay_misc_feat_hallway,
          st_stairs_4
D:2:      minmay_inner_zag, layout_basic, uniq_crazy_yiuf_cottage

Skill      XL: |  1  2 |
---------------+-------+-----
Fighting       | 3 |  3.0
Ranged Weapons | 5 |  5.8
Dodging        | |  2.1
Stealth        | |  0.7

Action                   || total
-------------------------++-------
 Fire: Shortbow          ||   109
Armor: Leather armour    ||    15
Dodge: Dodged            ||    21
